TOP OF THE 1ST |
Vanderbilt Commodores batting - Pitching for California Golden Bears : LHP Nick Walters
|
Pitching: LHP Nick Walters
|
|
Batting: LHB Robbie Turner
|
0-0: Ball 1-0: Called Strike 1-1: Ball 2-1: Ball 3-1: Foul Ball, location: 2F 3-2: Ground out 6-3 (Groundball, 6M)
|
Batting: RHB José Vargas
|
0-0: Ball 1-0: Fly out, F9 (Flyball, 9M)
|
Batting: SHB Claudio Ramírez
|
0-0: Foul Ball, location: 2F 0-1: Ball 1-1: Ball 2-1: Ball 3-1: SINGLE (Groundball, 6)
|
Batting: RHB Troy Reed
|
0-0: Ball 1-0: Foul Ball, location: 2F 1-1: Swinging Strike 1-2: Foul Ball, location: 2F 1-2: Foul Ball, location: 2F 1-2: Strikes out swinging
|
Top of the 1st over - 0 run(s), 1 hit(s), 0 error(s), 1 left on base; Vanderbilt 0 - California 0 |
BOTTOM OF THE 1ST |
California Golden Bears batting - Pitching for Vanderbilt Commodores : RHP Ronald Wilder
|
Pitching: RHP Ronald Wilder
|
|
Batting: LHB Noah Gillespie
|
0-0: Called Strike 0-1: Ground out U3 (Groundball, 3)
|
Batting: RHB Albert Alemán
|
0-0: Swinging Strike 0-1: Foul Ball, location: 2F 0-2: SINGLE (Groundball, 56D)
|
Batting: RHB Stanley Robbins
|
0-0: SINGLE (Line Drive, 8LS) Albert Alemán to second
|
Batting: LHB António Costa
|
0-0: Ball 1-0: Ball 2-0: Swinging Strike 2-1: Foul Ball, location: 2F 2-2: Foul Ball, location: 2F 2-2: Foul Ball, location: 2F 2-2: Ball 3-2: Base on Balls Albert Alemán to third Stanley Robbins to second
|
Batting: SHB Chris Woods
|
0-0: Ball 1-0: Foul Ball, location: 2F 1-1: Ball 2-1: Ball Reached via error on a dropped throw, E1 Albert Alemán scores Stanley Robbins to third António Costa to second
|
Batting: RHB Richard Stroud
|
0-0: Ball 1-0: Ball 2-0: Swinging Strike 2-1: Foul Ball, location: 2F 2-2: Strikes out looking
|
Batting: RHB Pat Bray
|
0-0: SINGLE (Line Drive, 78S) Stanley Robbins scores António Costa to third Chris Woods to second Runner from 3rd tries for Home, SAFE, no throw or cutoff
|
Batting: SHB Jeff McGill
|
0-0: Ball 1-0: Called Strike 1-1: Called Strike 1-2: Foul Ball, location: 2F 1-2: Strikes out swinging
|
Bottom of the 1st over - 3 run(s), 3 hit(s), 1 error(s), 2 left on base; Vanderbilt 0 - California 3 |
TOP OF THE 2ND |
Vanderbilt Commodores batting - Pitching for California Golden Bears : LHP Nick Walters
|
Batting: SHB David Jones
|
0-0: Foul Ball, location: 2F 0-1: Ball 1-1: Foul Ball, location: 2F 1-2: Ground out 4-3 (Groundball, 4)
|
Batting: SHB Marvin López
|
0-0: DOUBLE (Line Drive, 7LS)
|
Batting: RHB Bob Carr
|
0-0: Ball 1-0: Foul Ball, location: 2F 1-1: Ball Single, Error in OF, E8, batter to second base Marvin López scores
|
Batting: RHB Andy Toledo
|
0-0: Ball 1-0: Ball 2-0: Fly out, F9 (Flyball, 9M)
|
Batting: LHB Will Holt
|
0-0: Ball 1-0: Called Strike 1-1: Ball 2-1: Ball 3-1: Called Strike 3-2: Base on Balls
|
Batting: LHB Robbie Turner
|
0-0: Ball 1-0: Called Strike 1-1: Fly out, F7 (Flyball, 78S)
|
Top of the 2nd over - 1 run(s), 2 hit(s), 1 error(s), 2 left on base; Vanderbilt 1 - California 3 |
BOTTOM OF THE 2ND |
California Golden Bears batting - Pitching for Vanderbilt Commodores : RHP Ronald Wilder
|
Batting: RHB John Mason
|
0-0: Ball 1-0: Swinging Strike 1-1: Swinging Strike 1-2: Ball 2-2: Ball 3-2: Foul Ball, location: 2F 3-2: Strikes out swinging
|
Batting: LHB Noah Gillespie
|
0-0: Ball 1-0: Ball 2-0: Ball 3-0: Called Strike 3-1: Swinging Strike 3-2: Base on Balls
|
Batting: RHB Albert Alemán
|
0-0: Ball 1-0: Ball 2-0: Ball 3-0: Called Strike 3-1: Foul Ball, location: 2F 3-2: Foul Ball, location: 2F 3-2: Strikes out looking Noah Gillespie steals 2nd base Batter strikes out.
|
Batting: RHB Stanley Robbins
|
0-0: Swinging Strike 0-1: Ball 1-1: SINGLE (Groundball, 56D) (infield hit) Noah Gillespie to third
|
Batting: LHB António Costa
|
0-0: Ball 1-0: Ball 2-0: Swinging Strike 2-1: Ball 3-1: Base on Balls Stanley Robbins to second
|
Batting: SHB Chris Woods
|
0-0: Called Strike 0-1: Fly out, F7 (Flyball, 7D)
|
Bottom of the 2nd over - 0 run(s), 1 hit(s), 0 error(s), 3 left on base; Vanderbilt 1 - California 3 |
TOP OF THE 3RD |
Vanderbilt Commodores batting - Pitching for California Golden Bears : LHP Nick Walters
|
Batting: RHB José Vargas
|
0-0: SINGLE (Groundball, 56D) (infield hit)
|
Batting: SHB Claudio Ramírez
|
0-0: Ball 1-0: Ball 2-0: Ground out 5-3 (Groundball, 56S) José Vargas to second
|
Batting: RHB Troy Reed
|
0-0: Foul Ball, location: 2F 0-1: Ball 1-1: Foul Ball, location: 2F 1-2: Strikes out swinging
|
Batting: SHB David Jones
|
0-0: Ball 1-0: Ball 2-0: Ground out 6-3 (Groundball, 6)
|
Top of the 3rd over - 0 run(s), 1 hit(s), 0 error(s), 1 left on base; Vanderbilt 1 - California 3 |
BOTTOM OF THE 3RD |
California Golden Bears batting - Pitching for Vanderbilt Commodores : RHP Ronald Wilder
|
Batting: RHB Richard Stroud
|
0-0: Ball 1-0: Ball 2-0: Called Strike 2-1: Ball 3-1: Called Strike 3-2: Fly out, F4 (Popup, 4M)
|
Batting: RHB Pat Bray
|
0-0: Ball 1-0: Foul Ball, location: 2F 1-1: Ball 2-1: SINGLE (Line Drive, 78M)
|
Batting: SHB Jeff McGill
|
0-0: Ball Pat Bray steals 2nd base 1-0: Ball Pat Bray steals 3rd base 2-0: Ball 3-0: Base on Balls
|
Batting: RHB John Mason
|
0-0: Called Strike 0-1: Fly out, F6 (Popup, 6)
|
Batting: LHB Noah Gillespie
|
0-0: Foul Ball, location: 2F 0-1: Swinging Strike 0-2: Ball 1-2: Foul Ball, location: 2F 1-2: Strikes out looking
|
Bottom of the 3rd over - 0 run(s), 1 hit(s), 0 error(s), 2 left on base; Vanderbilt 1 - California 3 |
TOP OF THE 4TH |
Vanderbilt Commodores batting - Pitching for California Golden Bears : LHP Nick Walters
|
Batting: SHB Marvin López
|
0-0: Ball 1-0: Ball 2-0: Called Strike 2-1: Called Strike 2-2: Ball 3-2: Base on Balls
|
Batting: RHB Bob Carr
|
0-0: Fly out, F7 (Flyball, 78M)
|
Batting: RHB Andy Toledo
|
0-0: Ball 1-0: Ball 2-0: Ball 3-0: Called Strike 3-1: Called Strike 3-2: Strikes out swinging
|
Batting: LHB Will Holt
|
0-0: Called Strike 0-1: Swinging Strike 0-2: Strikes out swinging
|
Top of the 4th over - 0 run(s), 0 hit(s), 0 error(s), 1 left on base; Vanderbilt 1 - California 3 |
BOTTOM OF THE 4TH |
California Golden Bears batting - Pitching for Vanderbilt Commodores : RHP Ronald Wilder
|
Pitching: RHP Max Kessinger
|
|
Batting: RHB Albert Alemán
|
0-0: Called Strike 0-1: Called Strike 0-2: Ball 1-2: Foul Ball, location: 2F 1-2: Foul Ball, location: 2F 1-2: Fly out, F7 (Flyball, 78S)
|
Batting: RHB Stanley Robbins
|
0-0: Ball 1-0: Ball 2-0: Foul Ball, location: 2F 2-1: Ball 3-1: Base on Balls
|
Batting: LHB António Costa
|
0-0: Ball Stanley Robbins is caught stealing 2nd base 1-0: Foul Ball, location: 2F 1-1: Ball 2-1: Ground out 6-3 (Groundball, 6)
|
Bottom of the 4th over - 0 run(s), 0 hit(s), 0 error(s), 0 left on base; Vanderbilt 1 - California 3 |
TOP OF THE 5TH |
Vanderbilt Commodores batting - Pitching for California Golden Bears : LHP Nick Walters
|
Batting: LHB Robbie Turner
|
0-0: Called Strike 0-1: Ball 1-1: TRIPLE (Line Drive, 9LM)
|
Batting: RHB José Vargas
|
0-0: Ball 1-0: Swinging Strike 1-1: Fly out, F9 (Flyball, 89M) Runner from 3rd tags up, SCORES, no throw
|
Batting: SHB Claudio Ramírez
|
0-0: SINGLE (Groundball, 25) (infield hit)
|
Batting: RHB Troy Reed
|
0-0: Called Strike 0-1: Ball 1-1: Foul Ball, location: 2F 1-2: Ball 2-2: SINGLE (Line Drive, 56) Claudio Ramírez to second
|
Batting: SHB David Jones
|
0-0: Called Strike 0-1: SINGLE (Line Drive, 6D) Claudio Ramírez to third Troy Reed to second
|
Pitching: RHP Ricardo Martínez
|
|
Batting: SHB Marvin López
|
0-0: Ball 1-0: Ball 2-0: Grounds into double play, 6-4-3 (Groundball, 6M)
|
Top of the 5th over - 1 run(s), 4 hit(s), 0 error(s), 2 left on base; Vanderbilt 2 - California 3 |
BOTTOM OF THE 5TH |
California Golden Bears batting - Pitching for Vanderbilt Commodores : RHP Max Kessinger
|
Batting: SHB Chris Woods
|
0-0: Ball 1-0: Fly out, F6 (Popup, 6M)
|
Batting: RHB Richard Stroud
|
0-0: Ball 1-0: Ball 2-0: Ball 3-0: Foul Ball, location: 2F 3-1: Base on Balls
|
Batting: RHB Pat Bray
|
0-0: Called Strike 0-1: Ball Passed Ball! Richard Stroud to second 1-1: Ball 2-1: Ball 3-1: Foul Ball, location: 2F 3-2: Base on Balls
|
Batting: SHB Jeff McGill
|
0-0: Swinging Strike 0-1: Ball 1-1: Called Strike 1-2: Foul Ball, location: 2F 1-2: Strikes out swinging
|
Batting: RHB John Mason
|
0-0: Called Strike 0-1: Ball 1-1: Swinging Strike 1-2: Strikes out swinging
|
Bottom of the 5th over - 0 run(s), 0 hit(s), 0 error(s), 2 left on base; Vanderbilt 2 - California 3 |
TOP OF THE 6TH |
Vanderbilt Commodores batting - Pitching for California Golden Bears : RHP Ricardo Martínez
|
Batting: RHB Bob Carr
|
0-0: Ball 1-0: Swinging Strike 1-1: Called Strike 1-2: Ball 2-2: Foul Ball, location: 2F 2-2: Ball 3-2: Strikes out swinging
|
Batting: RHB Andy Toledo
|
0-0: Called Strike 0-1: DOUBLE (Line Drive, 9D)
|
Batting: LHB Will Holt
|
0-0: Ball 1-0: Swinging Strike 1-1: Foul Ball, location: 2F 1-2: Ball 2-2: Ball 3-2: Strikes out swinging
|
Batting: LHB Robbie Turner
|
0-0: Called Strike 0-1: SINGLE (Line Drive, 78S) Andy Toledo to third Runner from 3rd tries for Home, SAFE, throw made home Robbie Turner to second
|
Batting: RHB José Vargas
|
0-0: Called Strike 0-1: Foul Ball, location: 2F 0-2: DOUBLE (Line Drive, 78M) Robbie Turner scores
|
Batting: SHB Claudio Ramírez
|
0-0: Called Strike 0-1: Swinging Strike 0-2: Strikes out swinging
|
Top of the 6th over - 2 run(s), 3 hit(s), 0 error(s), 1 left on base; Vanderbilt 4 - California 3 |
BOTTOM OF THE 6TH |
California Golden Bears batting - Pitching for Vanderbilt Commodores : RHP Max Kessinger
|
Batting: LHB Noah Gillespie
|
0-0: Fly out, F8 (Flyball, 8LD)
|
Batting: RHB Albert Alemán
|
0-0: Ball 1-0: Foul Ball, location: 2F 1-1: Swinging Strike 1-2: Strikes out swinging
|
Batting: RHB Stanley Robbins
|
0-0: Ball 1-0: Foul Ball, location: 2F 1-1: Swinging Strike 1-2: Strikes out swinging
|
Bottom of the 6th over - 0 run(s), 0 hit(s), 0 error(s), 0 left on base; Vanderbilt 4 - California 3 |
TOP OF THE 7TH |
Vanderbilt Commodores batting - Pitching for California Golden Bears : RHP Ricardo Martínez
|
Batting: RHB Troy Reed
|
0-0: Ball 1-0: Called Strike 1-1: Foul Ball, location: 2F 1-2: Ball 2-2: Ball 3-2: Foul Ball, location: 2F 3-2: Base on Balls
|
Batting: SHB David Jones
|
0-0: Ball 1-0: Ball 2-0: Called Strike 2-1: Fly out, F5 (Popup, 25F)
|
Pitching: RHP Steve Deal
|
|
Batting: SHB Marvin López
|
0-0: Called Strike 0-1: Ball 1-1: Ball 2-1: Called Strike 2-2: Strikes out looking
|
Batting: RHB Bob Carr
|
0-0: Ball 1-0: Ball Troy Reed steals 2nd base 2-0: Reached on error, E5 (Groundball, 56) Troy Reed to third
|
Batting: RHB Andy Toledo
|
0-0: Called Strike 0-1: SINGLE (Line Drive, 8RS) Troy Reed scores Bob Carr to second
|
Batting: LHB Will Holt
|
0-0: Ball 1-0: Foul Ball, location: 2F 1-1: Called Strike 1-2: Strikes out swinging
|
Top of the 7th over - 1 run(s), 1 hit(s), 1 error(s), 2 left on base; Vanderbilt 5 - California 3 |
BOTTOM OF THE 7TH |
California Golden Bears batting - Pitching for Vanderbilt Commodores : RHP Max Kessinger
|
Pitching: RHP Luis Chapa
|
|
Batting: LHB António Costa
|
0-0: Fly out, F7 (Flyball, 7LMF)
|
Batting: SHB Chris Woods
|
0-0: Fly out, F7 (Flyball, 7M)
|
Batting: RHB Richard Stroud
|
0-0: Ground out 6-3 (Groundball, 6)
|
Bottom of the 7th over - 0 run(s), 0 hit(s), 0 error(s), 0 left on base; Vanderbilt 5 - California 3 |
TOP OF THE 8TH |
Vanderbilt Commodores batting - Pitching for California Golden Bears : RHP Steve Deal
|
Batting: LHB Robbie Turner
|
0-0: Ball 1-0: Ball 2-0: Called Strike 2-1: Fly out, F9 (Flyball, 89M)
|
Batting: RHB José Vargas
|
0-0: Swinging Strike 0-1: Fly out, F3 (Popup, 34)
|
Batting: SHB Claudio Ramírez
|
0-0: Called Strike 0-1: Called Strike 0-2: Foul Ball, location: 2F 0-2: Foul Ball, location: 2F 0-2: Fly out, F8 (Flyball, 8LM)
|
Top of the 8th over - 0 run(s), 0 hit(s), 0 error(s), 0 left on base; Vanderbilt 5 - California 3 |
BOTTOM OF THE 8TH |
California Golden Bears batting - Pitching for Vanderbilt Commodores : RHP Luis Chapa
|
Now at 3B: Dalton Gray
|
|
Now in CF: Byron Bracy
|
|
Batting: RHB Pat Bray
|
0-0: Ball 1-0: Fly out, F9 (Flyball, 9M)
|
Batting: SHB Jeff McGill
|
0-0: Swinging Strike 0-1: Ball 1-1: Called Strike 1-2: Foul Ball, location: 2F 1-2: Ball 2-2: Ground out 6-3 (Groundball, 6M)
|
Batting: RHB John Mason
|
0-0: Called Strike 0-1: Ball 1-1: Ball 2-1: Swinging Strike 2-2: Ball 3-2: Fly out, F5 (Line Drive, 5)
|
Bottom of the 8th over - 0 run(s), 0 hit(s), 0 error(s), 0 left on base; Vanderbilt 5 - California 3 |
TOP OF THE 9TH |
Vanderbilt Commodores batting - Pitching for California Golden Bears : RHP Steve Deal
|
Batting: RHB Troy Reed
|
0-0: Swinging Strike 0-1: Ball 1-1: Ground out 4-3 (Groundball, 4)
|
Batting: SHB David Jones
|
0-0: Called Strike 0-1: Ball 1-1: Ball 2-1: Swinging Strike 2-2: Foul Ball, location: 2F 2-2: Foul Ball, location: 2F 2-2: Strikes out swinging
|
Batting: SHB Marvin López
|
0-0: Called Strike 0-1: Swinging Strike 0-2: Strikes out swinging
|
Top of the 9th over - 0 run(s), 0 hit(s), 0 error(s), 0 left on base; Vanderbilt 5 - California 3 |
BOTTOM OF THE 9TH |
California Golden Bears batting - Pitching for Vanderbilt Commodores : RHP Luis Chapa
|
Pitching: RHP Alan Ford
|
|
Batting: LHB Noah Gillespie
|
0-0: Ball 1-0: Ball 2-0: Ball 3-0: Base on Balls
|
Batting: RHB Albert Alemán
|
0-0: Ball 1-0: Foul Ball, location: 2F 1-1: Grounds into double play, U6-3 (Groundball, 6M)
|
Batting: RHB Stanley Robbins
|
0-0: Fly out, F8 (Flyball, 8LD)
|
Bottom of the 9th over - 0 run(s), 0 hit(s), 0 error(s), 0 left on base; Vanderbilt 5 - California 3 |
|